 Dungeon Crawl Stone Soup version 0.30.2 (webtiles) character file.

Game seed: 15076643761110640420

51 porpoise the Shooter (level 4, -1/34 HPs)
             Began as a Human Hunter on Mar 30, 2024.
             Slain by a gnoll
             ... wielding a +0 whip
              (4 damage)
             ... on level 2 of the Dungeon.
             The game lasted 00:02:05 (608 turns).

porpoise the Shooter (Human Hunter)                  Turns: 608, Time: 00:02:05

Health: -1/34      AC:  3    Str: 12    XL:     4   Next: 7%
Magic:  4/4        EV: 12    Int:  9    God:
Gold:   48         SH:  0    Dex: 18    Spells: 3/3 levels left

rFire   . . .        a - +0 shortbow
rCold   . . .        (shield currently unavailable)
rNeg    . . .        c - +0 leather armour
rPois   .            (no helmet)
rElec   .            (no cloak)
rCorr   .            (no gloves)
SInv    .            (no boots)
Will    .....        (no amulet)
Stlth   ++           (no ring)
HPRegen 0.25/turn    (no ring)
MPRegen 0.09/turn

%: no passive effects
@: hasted, very quick
A: no striking features
a: no special abilities


You were on level 2 of the Dungeon.
You visited 1 branch of the dungeon, and saw 2 of its levels.

You collected 48 gold pieces.

Inventory:

Hand Weapons
 a - a +0 shortbow (weapon)
 b - a +0 spear
Armour
 c - a +0 leather armour (worn)
Jewellery
 i - a ring of magical power
Scrolls
 d - a scroll of immolation
 e - a scroll of poison {unknown}
 f - a scroll of blinking {unknown}
 k - a scroll of enchant armour {unknown}
 l - a scroll of vulnerability {unknown}
 o - a scroll of identify {unknown}
 p - a scroll of acquirement {unknown}
Potions
 g - a potion of berserk rage {unknown}
 h - a potion of attraction {unknown}
 j - a potion of haste
 m - 2 potions of degeneration {unknown}
 n - a potion of invisibility {unknown}
 q - a potion of lignification {unknown}
 r - a potion of curing {unknown}


   Skills:
 + Level 2.5 Fighting
 * Level 4.7 Ranged Weapons
 - Level 2.0 Dodging
 + Level 2.0 Stealth


You had 3 spell levels left.
You didn't know any spells.
Your spell library was empty.

Dungeon Overview and Level Annotations

Branches:
Dungeon (2/15)

Altars:


Message History

You shoot an arrow. The arrow closely misses the gnoll.
The gnoll shouts!
The arrow hits the gnoll!
The gnoll is severely wounded.
A gnoll comes into view. It is wielding a +4 whip.
You shoot an arrow. The gnoll shouts!
The arrow hits the gnoll.
The gnoll is moderately wounded.
You shoot an arrow. The arrow hits the gnoll.
The gnoll is severely wounded.
You shoot an arrow. The arrow closely misses the gnoll.
You shoot an arrow. The arrow closely misses the gnoll.
The gnoll hits you with a +0 whip. The gnoll barely misses you.
You shoot an arrow. The arrow hits the gnoll.
You kill the gnoll!
You shoot an arrow.
The arrow hits the gnoll but does no damage.
The gnoll is severely wounded.
The gnoll misses you. The gnoll hits you with a +0 whip. x2
The gnoll hits you with a +0 flail!
* * * LOW HITPOINT WARNING * * *
You are too injured to fight recklessly!
You are too injured to fight recklessly!
You shoot an arrow. The arrow hits the gnoll!
You kill the gnoll!
The gnoll closely misses you.
Your Stealth skill increases to level 2!
You have reached level 4!
You feel stronger.
Fire: a) +0 shortbow
Press: ? - help, Q - select action Shift-Dir - straight line, f - gnoll
Aim: a gnoll, wielding a +0 whip (moderately wounded, 68% to hit)
You shoot an arrow. The arrow hits the gnoll.
The gnoll is severely wounded.
The gnoll hits you with a +0 whip!
* * * LOW HITPOINT WARNING * * *
It was a potion of haste.
You feel yourself speed up. The gnoll hits you with a +0 whip.
You die...

###.# #.#...#
.##.# #.#..)#.#
..#.# #.#.†.#.#
.##.# #.#...#.#
....#
#.#.).#.#####
....#
#.†..........
###.# #.....#.#.#
#.#######.###.#g.#
#.........# #.@g.#
#########.# #.##.#
#..>..# .# ##.....
.. #...... ..
#.##.#. .. #......
. . ..#..#


You could see 2 gnolls.

Vanquished Creatures
  2 gnolls (D:2)
  2 ball pythons
  3 endoplasms
  2 goblins
  4 hobgoblins (D:1)
  4 jackals (D:2)
  3 bats
  3 frilled lizards
  4 kobolds
  3 rats
30 creatures vanquished.

Notes
Turn   | Place    | Note
-------+----------+-------------------------------------------
     0 | D:1      | porpoise the Human Hunter began the quest for the Orb.
     0 | D:1      | Reached XP level 1. HP: 16/16 MP: 1/1
    92 | D:1      | Reached XP level 2. HP: 22/22 MP: 2/2
   485 | D:2      | Reached XP level 3. HP: 28/28 MP: 3/3
   607 | D:2      | Reached XP level 4. HP: 10/34 MP: 4/4
   608 | D:2      | Slain by a gnoll

Illustrated notes

Levels and vault maps discovered:
D:1:      saegor_arrival_simple_a, layout_rooms
D:2:      layout_loops_ring, minmay_fountain_box

Skill      XL: |  1  2  3 |
---------------+----------+-----
Stealth        | 2 |  2.0
Fighting       | |  2.5
Ranged Weapons | |  4.7
Dodging        | |  2.0

Action                     |  1- 3 |  4- 6 || total
---------------------------+-------+-------++-------
   Fire: Shortbow          |    76 |     1 ||    77
    Use: Potion            |       |     1 ||     1
 Armour: Leather armour    |     8 |       ||     8
  Dodge: Dodged            |    26 |       ||    26
